 Dungeon Crawl Stone Soup version 0.28-b1-25-g9875b3fc8c (webtiles) character file.

Game seed: 14805568001686460309

74 dorian the Scratcher (level 4, 0/15 (19) HPs)
             Began as a Felid Transmuter on Feb 5, 2022.
             Slain by Ijyb (2 damage)
             ... on level 3 of the Dungeon.
             The game lasted 00:03:59 (2323 turns).

dorian the Scratcher (Felid Transmuter)             Turns: 2323, Time: 00:03:59

HP:   0/15 (19)     AC:  1    Str:  6    XL:     4   Next: 9%
MP:   8/8           EV: 17    Int: 16    God:
Gold: 88            SH:  0    Dex: 16    Spells: 4/7 levels left
                                        Lives: 0   Deaths: 1

rFire   . . .      SeeInvis +     - Unarmed
rCold   . . .      Faith    .   (shield unavailable)
rNeg    . . .      Spirit   .   (armour unavailable)
rPois   .          Reflect  .   (helmet unavailable)
rElec   .          Harm     .   (cloak unavailable)
rCorr   .          Rampage  .   (gloves unavailable)
Will    .....                   (boots unavailable)
Stlth   ++........              c - amulet of magic regeneration
HPRegen 0.05/turn               d - +4 ring of slaying
MPRegen 0.51/turn               (no ring)

@: heavily drained, quick
A: very small, claws 1, fangs 3, see invisible, speed 1, shaggy fur 1, stealthy
paws, no weapons or thrown items, no armour, multi-lived
a: no special abilities


You were on level 3 of the Dungeon.
You visited 1 branch of the dungeon, and saw 3 of its levels.

You collected 88 gold pieces.

Inventory:

Jewellery
 c - an amulet of magic regeneration (around neck)
 d - a +4 ring of slaying (left paw)
 f - a ring of fire
Scrolls
 g - a scroll of enchant weapon {unknown}
 h - a scroll of identify
Potions
 a - a potion of heal wounds
 b - a potion of attraction {unknown}
 e - a potion of flight {unknown}


   Skills:
 - Level 1.0 Fighting
 - Level 2.6 Dodging
 + Level 2.5 Stealth
 + Level 5.2 Unarmed Combat
 - Level 2.0 Spellcasting
 - Level 2.1 Transmutations


You had 4 spell levels left.
You knew the following spells:

 Your Spells              Type           Power      Damage    Failure   Level
a - Beastly Appendage     Tmut           16%        N/A       9%          1
b - Wereblood             Tmut           8%         N/A       13%         2

Your spell library contained the following spells:

 Spells                   Type           Power      Damage    Failure   Level
 Magic Dart               Conj           4%         1d3       21%         1
 Sandblast                Erth           2%         2d4       21%         1
 Passwall                 Tmut/Erth      4%         N/A       21%         2
 Searing Ray              Conj           2%         2d4       30%         2
 Spider Form              Tmut/Pois      5%         N/A       36%         3
 Stone Arrow              Conj/Erth      2%         3d7       52%         3
 Ice Form                 Ice/Tmut       5%         N/A       78%         4
 Fulminant Prism          Conj/Hex       0%         3d6       90%         4


Dungeon Overview and Level Annotations

Branches:
Dungeon (3/15)

Altars:
Xom

Shops:
D:3 (=

Annotations:
D:3 Ijyb


Innate Abilities, Weirdness & Mutations

You have sharp claws.
You have razor-sharp teeth.
You have supernaturally acute eyesight. (SInv)
You cover ground quickly. (Speed+)
You are covered in fur. (AC +1)
Your paws help you pounce on unaware monsters.
You are incapable of wielding weapons or throwing items.
You cannot wear armour.
You gain extra lives every three experience levels.


Message History

You scratch Ijyb but do no damage. Your headbutt misses Ijyb.
Your transformation is almost over.
Ijyb closely misses you.
You closely miss Ijyb. Ijyb completely misses you.
You miss Ijyb. Ijyb barely misses you.
You barely miss Ijyb. You headbutt Ijyb, but do no damage.
Your claw misses Ijyb. Ijyb misses you.
You closely miss Ijyb. Ijyb closely misses you.
You scratch Ijyb.
Ijyb is lightly wounded.
Ijyb barely misses you.
You scratch Ijyb.
Ijyb is moderately wounded.
You scratch Ijyb. Your headbutt misses Ijyb. You bite Ijyb.
Ijyb is severely wounded.
Ijyb zaps a wand.
You resist with some effort.
You barely miss Ijyb.
Ijyb is severely wounded.
Ijyb zaps a wand.
You resist with some effort.
You barely miss Ijyb. You headbutt Ijyb, but do no damage.
Ijyb is severely wounded.
Ijyb closely misses you.
You scratch Ijyb but do no damage. Your headbutt misses Ijyb.
Ijyb is severely wounded.
Your horns disappear.
Ijyb hits you with a +2 dagger of draining.
You feel drained.
You scratch Ijyb but do no damage.
Ijyb is severely wounded.
Ijyb hits you with a +2 dagger of draining.
You feel drained.
You scratch Ijyb.
Ijyb is almost dead.
Ijyb zaps a wand.
You resist with some effort.
You barely miss Ijyb.
Ijyb is almost dead.
Ijyb hits you with a +2 dagger of draining!
* * * LOW HITPOINT WARNING * * *
You feel drained.
You die...

#.# #.# ###.######.#
#..........# ...
#.#......<##
....#.........# #
....#..######.# .#
.......g..≈≈≈.####.
.......@.≈≈≈≈≈.....
.....#.#...∩≈≈.....
.........≈≈≈≈≈..######
###....#.#≈≈≈##.#....##
.....................#
###......######.#.####
#...............#
#.#..######.....#
...#.. #.....#


You could see Ijyb.

Vanquished Creatures
  Natasha (D:3)
  A gnoll (D:1)
  4 adders (D:2)
  A dart slug (D:2)
  6 endoplasms
  6 giant cockroaches (D:1)
  2 hobgoblins
  7 jackals
  6 kobolds
  A quokka (D:1)
  5 ball pythons
  4 bats
  4 frilled lizards
  A goblin (D:1)
  5 rats
54 creatures vanquished.

Notes
Turn   | Place    | Note
-------+----------+-------------------------------------------
     0 | D:1      | dorian the Felid Transmuter began the quest for the Orb.
     0 | D:1      | Reached XP level 1. HP: 9/9 MP: 4/4
   277 | D:1      | Reached XP level 2. HP: 12/12 MP: 4/6
   420 | D:1      | Reached skill level 4 in Unarmed Combat
   463 | D:1      | Reached skill level 1 in Stealth
   565 | D:1      | Reached XP level 3. HP: 12/15 MP: 7/7
   993 | D:2      | Learned a level 2 spell: Wereblood
  1400 | D:2      | Reached XP level 4. HP: 14/19 MP: 8/8
  1570 | D:2      | Found a shimmering altar of Xom.
  1827 | D:2      | Reached skill level 5 in Unarmed Combat
  1996 | D:3      | Found Evof Vuw's Jewellery Shoppe.
  2006 | D:3      | Noticed Ijyb
  2035 | D:3      | Slain by Ijyb
  2036 | D:3      | Reached XP level 3. HP: 0/9 MP: 7/7
  2036 | D:3      | Found Ara Potrao's Antique Weapon Emporium.
  2052 | D:3      | Found the +18 Lear's hauberk
  2126 | D:3      | Found a faded altar of an unknown god.
  2153 | D:3      | Noticed Natasha
  2267 | D:3      | Killed Natasha
  2268 | D:3      | Reached XP level 4. HP: 18/19 MP: 8/8
  2323 | D:3      | Slain by Ijyb

Illustrated notes

Levels and vault maps discovered:
D:1:      tarquinn_simple_flora_water_e, layout_basic
D:2:      layout_loops_ring, basic_altar
D:3:      layout_basic, amcnicky_altar_gilded, serial_shops,
          nicolae_shop_crystal, nicolae_shop_waterfront, nicolae_lakefront_shop,
          shop, shop, ebering_ecumenical_altar_abandoned, saegor_snake_ambush,
          uniq_crazy_yiuf_cottage, uniq_ijyb, uniq_natasha

Skill      XL: |  1  2  3  4 |
---------------+-------------+-----
Unarmed Combat | 4 5 |  5.2
Stealth        | 1 2 |  2.5
Fighting       | |  1.0
Dodging        | |  2.6
Spellcasting   | |  2.0
Transmutations | |  2.1

Action                   |  1- 3 |  4- 6 || total
-------------------------+-------+-------++-------
Melee: Unarmed           |    96 |    64 ||   160
       Bite              |    12 |     4 ||    16
       Headbutt          |     8 |     7 ||    15
       Punch             |       |     2 ||     2
 Cast: Beastly Appendage |    26 |    13 ||    39
  Use: Potion            |     2 |     1 ||     3
       Scroll            |       |     4 ||     4
 Stab: Sleeping          |     4 |       ||     4
Armor: Skin              |     9 |       ||     9
Dodge: Dodged            |    64 |    32 ||    96
